 Dungeon Crawl Stone Soup version 0.19.1 (webtiles) character file.

174 RedPan the Sneak (level 5, -2/35 HPs)
             Began as a Vampire Enchanter on Dec 26, 2016.
             Slain by M4edhros's ghost (5 damage)
             ... on level 3 of the Dungeon.
             The game lasted 00:07:25 (2403 turns).

RedPan the Sneak (Vampire Enchanter)                Turns: 2403, Time: 00:07:25

Health: -2/35      AC:  4    Str:  7    XL:     5   Next: 28%
Magic:  3/8        EV: 16    Int: 18    God:
Gold:   130        SH:  0    Dex: 15    Spells: 3 memorised, 2 levels left

rFire  . . .     SeeInvis +     i - +1 short sword (venom)
rCold  + . .     Gourm    .     b - +1 robe
rNeg   + + .     Faith    .     (no shield)
rPois  +         Spirit   .     (no helmet)
rElec  .         Reflect  .     (no cloak)
rCorr  .         Harm     .     h - +0 pair of gloves
MR     .....                    (no boots)
Stlth  ++++......               (no amulet)
                                (no ring)
                                e - +3 ring of evasion

@: regenerating slowly
A: fangs 3, see invisible, unbreathing
a: Bat Form


You were on level 3 of the Dungeon.
You were very thirsty.

You visited 1 branch of the dungeon, and saw 3 of its levels.

You collected 130 gold pieces.

Inventory:

Hand Weapons
 a - a +2 dagger
 i - a +1 short sword of venom (weapon)
Armour
 b - a +1 robe (worn)
 h - a +0 pair of gloves (worn)
Jewellery
 e - a +3 ring of evasion (left hand)
Wands
 n - a wand of digging (7/24)
Scrolls
 k - 2 scrolls of fog
 l - 3 scrolls of remove curse
 q - a scroll of immolation {unknown}
 r - a scroll of recharging {unknown}
 s - a scroll of enchant weapon
Potions
 d - 20 potions of blood
 f - a potion of cancellation
 g - a potion of heal wounds {unknown}
 j - a potion of invisibility {unknown}
 m - a potion of brilliance {unknown}
 o - a potion of ambrosia
 p - a potion of agility {unknown}
Books
 c - a book of Maledictions

   Spells                             Type                      Level
   a - Corona                         Hexes                        1
   b - Ensorcelled Hibernation        Hexes/Ice                    2
   c - Confuse                        Hexes                        3
   d - Tukima's Dance                 Hexes                        3
   e - Dazzling Spray                 Conjuration/Hexes            3


   Skills:
 + Level 3.2 Short Blades
 - Level 2.1 Dodging
 + Level 6.6 Stealth
 - Level 2.0 Spellcasting
 - Level 6.1 Hexes


You had 2 spell levels left.
You knew the following spells:

 Your Spells              Type           Power        Failure   Level  Hunger
a - Corona                Hex            ###....      1%          1    #......
b - Ensorcelled Hibernat  Hex/Ice        ##....       10%         2    ###....
c - Confuse               Hex            ###.....     4%          3    ###....


Dungeon Overview and Level Annotations

Branches:
Dungeon (3/15)

Altars:
Makhleb
The Shining One

Annotations:
D:3 M4edhros's ghost, amateur OpCK


Innate Abilities, Weirdness & Mutations

You heal slowly.
You have razor-sharp teeth.
You have supernaturally acute eyesight. (SInv)
You can survive without breathing.


Message History

Confirm with . or Enter, or press ? or * to list all spells.
Aiming: Confuse
Press: ? - help, Shift-Dir - straight line, f/p - M4edhros's ghost
Aim: M4edhros's ghost (heavily damaged, chance to defeat MR: 41%) M4edhros's ghost resists with some effort.
M4edhros's ghost misses you.
You are feeling very thirsty.
You hit M4edhros's ghost.
M4edhros's ghost is severely damaged.
M4edhros's ghost chuckles, "I laugh when killing.
So smile when dying.
SMILE!"
M4edhros's ghost barely misses you.
You closely miss M4edhros's ghost.
M4edhros's ghost is severely damaged.
M4edhros's ghost hits you!
* * * LOW HITPOINT WARNING * * *
Okay, then.
M4edhros's ghost tries to make a funny facial expression.
There is a stone staircase leading up here.
M4edhros's ghost hits you.
You die...

###.....##..# ###...#.###....
##...###..#.....
###########..##.........#
##.....#.........###..####
##..[...........### ##...###
#...............# ###....#
#...............# ##.......
#..........@W...# #.W.#..#.
#...............# ##........
#...............###..#......
#.........[..>......[...)...
##...............)..........
###.......#............#......
#.......##....................
##....._..................#..#.
#...................####.......


You could see M4edhros's ghost.

Vanquished Creatures
  Jessica (D:2)
  Terence (D:2)
  7 adders
  A worm (D:2)
  3 dart slugs
  3 leopard geckos
  An orc (D:3)
  3 giant cockroaches
  7 hobgoblins
  2 kobolds (D:1)
  2 quokkas
  A ball python (D:3)
  3 bats
  7 frilled lizards
  5 goblins
  7 rats
54 creatures vanquished.

Notes
Turn   | Place    | Note
-------+----------+-------------------------------------------
     0 | D:1      | RedPan the Vampire Enchanter began the quest for the Orb.
     0 | D:1      | Reached XP level 1. HP: 13/13 MP: 3/3
   273 | D:1      | Reached skill level 5 in Hexes
   288 | D:1      | Reached XP level 2. HP: 12/19 MP: 5/5
   292 | D:1      | Learned a level 2 spell: Ensorcelled Hibernation
   956 | D:2      | Noticed Jessica
   961 | D:2      | Reached XP level 3. HP: 24/24 MP: 6/6
   965 | D:2      | Killed Jessica
   969 | D:2      | Reached skill level 5 in Stealth
  1043 | D:2      | Reached XP level 4. HP: 14/30 MP: 5/7
  1635 | D:2      | Noticed Terence
  1647 | D:2      | Killed Terence
  1647 | D:2      | Reached XP level 5. HP: 35/35 MP: 1/8
  1782 | D:3      | Noticed M4edhros's ghost (amateur OpCK)
  1813 | D:3      | Found a glowing golden altar of the Shining One.
  2220 | D:3      | Found a burning altar of Makhleb.
  2232 | D:3      | Learned a level 3 spell: Confuse
  2403 | D:3      | Slain by M4edhros's ghost

Skill      XL: |  1  2  3  4  5 |
---------------+----------------+-----
Hexes          | 5 6 |  6.1
Stealth        | 5 6 |  6.6
Short Blades   | 2 3 |  3.2
Dodging        | |  2.1
Spellcasting   | |  2.0

Action                   |  1- 3 |  4- 6 || total
-------------------------+-------+-------++-------
Melee: Dagger            |   101 |    53 ||   154
       Bite              |     7 |     8 ||    15
       Short sword       |       |    34 ||    34
 Cast: Ensorcelled Hiber |     2 |    12 ||    14
       Confuse           |       |     3 ||     3
  Use: Scroll            |     2 |     3 ||     5
       Potion            |       |     4 ||     4
 Stab: Sleeping          |     7 |    10 ||    17
Armor: Robe              |    11 |    11 ||    22
Dodge: Dodged            |    60 |    62 ||   122
